 Dungeon Crawl Stone Soup version 0.24.0-37-gcf1ca852f1 (webtiles) character file.

Game seed: 9202688780173323760, levelgen mode: deterministic

6308 Mrkan the Thrower (level 10, -7/104 HPs)
             Began as a Troll Hunter on Nov 25, 2019.
             Was an Elder of Nemelex Xobeh.
             Mangled by a warg (10 damage)
             ... led by an orc knight
             ... on level 10 of the Dungeon.
             The game lasted 00:14:08 (8213 turns).

Mrkan the Thrower (Troll Hunter)                    Turns: 8213, Time: 00:14:09

Health: -7/104     AC:  8    Str: 20 (22) XL:     10   Next: 63%
Magic:  12/12      EV: 10    Int:  9 (10) God:    Nemelex Xobeh [****..]
Gold:   426        SH:  0    Dex: 10      Spells: 9/9 levels left

rFire    . . .     SeeInvis .     - Unarmed
rCold    . . .     Gourm    +   (no shield)
rNeg     . . .     Faith    .   b - +0 robe
rPois    .         Spirit   .   (helmet restricted)
rElec    .         Reflect  .   F - +1 cloak
rCorr    .         Harm     .   (gloves unavailable)
MR       .....                  (boots unavailable)
Stlth    +.........             (no amulet)
HPRegen  0.67/turn              (no ring)
MPRegen  0.13/turn              (no ring)

@: no status effects
A: large, unfitting armour, claws 3, fast metabolism 3, gourmand, regeneration
1, shaggy fur 1, tough skin 3
a: Draw Escape, Draw Destruction, Draw Summoning, Triple Draw, Deal Four,
Renounce Religion


You were on level 10 of the Dungeon.
You worshipped Nemelex Xobeh.
Nemelex Xobeh was greatly pleased with you.
You were very full.

You visited 1 branch of the dungeon, and saw 11 of its levels.

You collected 541 gold pieces.
You spent 115 gold pieces at shops.

Inventory:

Missiles
 c - 5 large rocks
 d - 2 throwing nets
 g - 362 stones (quivered)
 w - 5 datura-tipped darts
Armour
 b - a +0 robe (worn)
 F - a +1 cloak (worn)
Jewellery
 t - an uncursed ring of resist corrosion {unknown}
 x - an uncursed amulet of the gourmand {unknown}
 B - an uncursed ring of protection from cold {unknown}
Wands
 v - a wand of iceblast (4)
 y - a wand of acid (7)
 A - a wand of enslavement (10)
 D - a wand of flame (17)
Scrolls
 e - 5 scrolls of identify {unknown}
 h - 3 scrolls of fog {unknown}
 i - a scroll of blinking {unknown}
 k - 4 scrolls of teleportation {unknown}
 l - a scroll of enchant weapon {unknown}
 o - 4 scrolls of amnesia {unknown}
 r - 3 scrolls of enchant armour {unknown}
 s - 4 scrolls of random uselessness {unknown}
 u - a scroll of remove curse {unknown}
 z - a scroll of noise {unknown}
 C - 3 scrolls of fear {unknown}
 E - 2 scrolls of immolation {unknown}
 J - a scroll of torment {unknown}
Potions
 a - a potion of brilliance {unknown}
 j - 2 potions of degeneration
 m - 3 potions of flight
 n - a potion of cancellation {unknown}
 p - a potion of might {unknown}
 q - 2 potions of mutation {unknown}
 G - a potion of haste
 H - a potion of heal wounds
 I - a potion of agility {unknown}
Comestibles
 f - 18 rations


   Skills:
 + Level 8.0 Fighting
 - Level 9.0 Throwing
 - Level 1.5 Dodging
 - Level 0.3 Stealth
 - Level 8.0 Unarmed Combat
 * Level 5.0 Invocations


You had 9 spell levels left.
You didn't know any spells.
Your spell library contained the following spells:

 Spells                   Type           Power        Failure   Level  Hunger
 Corona                   Hex            #......      38%         1    ##.....
 Summon Butterflies       Summ           #.......     38%         1    ##.....
 Slow                     Hex            #.......     52%         2    ###....
 Call Canine Familiar     Summ           #.......     77%         3    ####...
 Inner Flame              Hex/Fire       #.......     77%         3    ####...
 Portal Projectile        Hex/Tloc       #.....       77%         3    ####...
 Cause Fear               Hex            #.........   99%         4    #####..
 Leda's Liquefaction      Hex/Erth       #.........   99%         4    #####..
 Summon Ice Beast         Ice/Summ       #.......     99%         4    #####..
 Summon Mana Viper        Hex/Summ       #.......     100%        5    ######.
 Summon Hydra             Summ           #.........   100%        7    #######


Dungeon Overview and Level Annotations

Branches:
Dungeon (11/15)            Temple (0/1) D:6            Lair (0/6) D:10
    Orc: D:9-12

Altars:
Ashenzari
Dithmenos
Elyvilon
Makhleb
Nemelex Xobeh
Qazlal
Trog
Vehumet
Yredelemnul

Shops:
D:5 (   D:8 %[[

Annotations:
D:4 1 runed translucent door, kmx's ghost, weakling SpEE


Innate Abilities, Weirdness & Mutations

You are too large for most types of armour.
You have claws for hands.
Your metabolism is lightning-fast.
You like to eat raw meat.
Your natural rate of healing is unusually fast.
You are covered in fur. (AC +1)
You have extremely tough skin. (AC +3)


Message History

* * * LOW HITPOINT WARNING * * *
The warg bites you!
* * * LOW HITPOINT WARNING * * *
There is a stone staircase leading up here.
The warg closely misses you.
You climb upwards.
There is a stone staircase leading down here.
You claw the warg!
The warg is moderately wounded.
The warg bites you.
* * * LOW HITPOINT WARNING * * *
You closely miss the warg.
The warg is moderately wounded.
The warg bites you!
* * * LOW HITPOINT WARNING * * *
You closely miss the warg.
The warg is moderately wounded.
The warg bites you!
You die...
Your body disappears without a glow.

###############
####.............#
...#.###########.#
##.#.# #.#
##.#.###########h#
................@#
##........########
##..}....#
#.......#
#)......#
###)......#
..)..###### .....#
.....#


You could see a warg.

Vanquished Creatures
  A two-headed ogre (D:10)
  A centaur warrior (D:9)
  A hippogriff (D:7)
  A steam dragon (D:7)
  5 yaks (D:10)
  A warg (D:11)
  Edmund (D:6)
  Menkaure (D:4)
  6 orc warriors
  A phantom (D:9)
  3 ice beasts
  2 black bears
  2 ogres (D:6)
  4 centaurs
  A big kobold (D:9)
  4 bullfrogs (D:7)
  3 scorpions
  7 killer bees
  2 howler monkeys (D:8)
  4 crimson imps
  9 orc wizards
  An orc priest (D:9)
  3 hounds
  3 jellies
  A bullfrog skeleton (D:8)
  2 iguanas (D:7)
  Ijyb (D:4)
  8 worker ants
  A hound skeleton (D:9)
  A worker ant zombie (D:5)
  3 gnolls (D:8)
  12 adders
  A shadow imp (D:7)
  4 oozes
  An adder zombie (D:9)
  3 worms
  5 leopard geckos
  31 orcs
  5 giant cockroaches
  10 goblins
  6 hobgoblins
  8 jackals
  7 kobolds
  5 quokkas
  4 ball pythons
  4 bats (D:1)
  4 frilled lizards
  A jackal skeleton (D:4)
  14 rats
209 creatures vanquished.

Vanquished Creatures (others)
  3 plants (D:10)
3 creatures vanquished.

Grand Total: 212 creatures vanquished

Notes
Turn   | Place    | Note
-------+----------+-------------------------------------------
     0 | D:1      | Mrkan the Troll Hunter began the quest for the Orb.
     0 | D:1      | Reached XP level 1. HP: 19/19 MP: 0/0
    43 | D:1      | Reached skill level 1 in Unarmed Combat
   112 | D:1      | Reached XP level 2. HP: 28/28 MP: 1/1
   432 | D:1      | Reached XP level 3. HP: 35/35 MP: 2/2
  1115 | D:2      | Reached XP level 4. HP: 42/44 MP: 3/3
  1980 | D:3      | Reached XP level 5. HP: 25/50 MP: 4/4
  2165 | D:3      | Found a faded altar of an unknown god.
  2443 | D:3      | Found a sparkling altar of Nemelex Xobeh.
  2449 | D:3      | Became a worshipper of Nemelex Xobeh the Trickster
  2582 | D:4      | Received a gift from Nemelex Xobeh
  2771 | D:4      | Noticed Ijyb
  2784 | D:4      | Killed Ijyb
  2784 | D:4      | Reached XP level 6. HP: 52/61 MP: 5/5
  2790 | D:4      | Reached skill level 5 in Unarmed Combat
  2956 | D:4      | Reached * piety under Nemelex Xobeh
  3003 | D:4      | Found a runed translucent door.
  3049 | D:4      | Noticed Menkaure
  3057 | D:4      | Killed Menkaure
  3357 | D:4      | Found a shadowy altar of Dithmenos.
  3364 | D:4      | Found a shattered altar of Ashenzari.
  3572 | D:4      | Noticed kmx's ghost (weakling SpEE)
  3732 | D:5      | Entered Level 5 of the Dungeon
  3739 | D:5      | Reached XP level 7. HP: 27/68 MP: 6/6
  3899 | D:5      | Found Junt's Antique Weapon Boutique.
  4248 | D:6      | Reached XP level 8. HP: 62/79 MP: 7/7
  4296 | D:6      | Found a staircase to the Ecumenical Temple.
  4300 | D:6      | Noticed Edmund
  4312 | D:6      | Killed Edmund
  4313 | D:6      | Reached skill level 5 in Fighting
  4330 | D:6      | Reached ** piety under Nemelex Xobeh
  4427 | D:6      | Reached skill level 4 in Throwing
  4453 | D:6      | Received a gift from Nemelex Xobeh
  4500 | D:6      | Noticed a moth of wrath
  4503 | D:6      | Found a bloodstained altar of Trog.
  4591 | D:6      | Found a burning altar of Makhleb.
  4609 | D:7      | Found a radiant altar of Vehumet.
  4742 | D:7      | Noticed a hippogriff
  4748 | D:7      | Killed a hippogriff
  4748 | D:7      | Reached skill level 5 in Throwing
  4950 | D:7      | Received a gift from Nemelex Xobeh
  4979 | D:7      | Reached XP level 9. HP: 65/89 MP: 8/8
  4984 | D:7      | Reached skill level 6 in Throwing
  5190 | D:7      | Reached *** piety under Nemelex Xobeh
  5874 | D:8      | Reached skill level 7 in Throwing
  5903 | D:8      | Received a gift from Nemelex Xobeh
  5986 | D:8      | Found Osupsuc's Armour Emporium.
  5996 | D:8      | Bought a +1 cloak for 115 gold pieces
  6016 | D:8      | Found Kuocueso's Armour Boutique.
  6065 | D:8      | Found a stormy altar of Qazlal.
  6113 | D:8      | Found Gyocisoo's Food Boutique.
  6248 | D:8      | Found a basalt altar of Yredelemnul.
  6346 | D:8      | Found a white marble altar of Elyvilon.
  6438 | D:9      | Received a gift from Nemelex Xobeh
  6579 | D:9      | Noticed a centaur warrior
  6586 | D:9      | Killed a centaur warrior
  6586 | D:9      | Reached skill level 8 in Throwing
  6596 | D:9      | Received a gift from Nemelex Xobeh
  6623 | D:9      | Reached **** piety under Nemelex Xobeh
  6666 | D:9      | Reached XP level 10. HP: 94/102 MP: 9/9
  6966 | D:9      | Received a gift from Nemelex Xobeh
  7183 | D:9      | Reached skill level 9 in Throwing
  7394 | D:10     | Entered Level 10 of the Dungeon
  7428 | D:10     | Reached skill level 1 in Invocations
  7556 | D:10     | Received a gift from Nemelex Xobeh
  7620 | D:10     | Noticed a two-headed ogre
  7630 | D:10     | Killed a two-headed ogre
  7638 | D:10     | HP: 5/104 [killer bee (2)]
  7647 | D:10     | HP: 5/104 [poisoned by a killer bee]
  7657 | D:10     | HP: 5/104 [poisoned by a killer bee]
  7936 | D:10     | Found a staircase to the Lair.
  8179 | D:11     | Noticed an orc knight
  8184 | D:11     | Reached skill level 5 in Invocations
  8212 | D:10     | HP: 3/104 [warg[an orc knight] (11)]
  8213 | D:10     | Mangled by a warg

Levels and vault maps discovered:
D:1:      saegor_arrival_miasma, layout_basic, minmay_tetromino_t4
D:2:      layout_basic, first_ration
D:3:      layout_basic, nemelex_xobeh_ov_fountains_minmay,
          chequers_ecumenical_altar_simple_redux
D:4:      layout_basic, amethyst_overflow_temple_binary, ebering_ghost_sewer_d,
          uniq_ijyb, uniq_menkaure
D:5:      layout_rooms, serial_shops, nicolae_shop_trees
D:6:      layout_loops_ring, tgw_trog, kennysheep_mini_moat,
          minmay_temple_entry_enclosed_plants, grunt_decor_clamped,
          kennysheep_slug_shrine, uniq_crazy_yiuf_cottage, uniq_edmund,
          uniq_sigmund
D:7:      layout_gridville, basic_altar, centaur_isle
D:8:      layout_cave_pods, kennysheep_ying_yang, lemuel_round_altar,
          serial_shops, shop_coins, shop, kennysheep_mini
D:9:      layout_stronghold
D:10:     layout_basic, dpeg_oklobed_lair
D:11:     layout_loops_ring, enter_trove_0

Skill      XL: |  1  2  3  4  5  6  7  8  9 10 |
---------------+-------------------------------+-----
Unarmed Combat | 1 2 3 4 6 7 8 |  8.0
Fighting       | 2 3 4 5 7 8 |  8.0
Throwing       | 5 8 9 |  9.0
Invocations    | 5 |  5.0
Dodging        | |  1.5
Stealth        | |  0.3

Action                   |  1- 3 |  4- 6 |  7- 9 | 10-12 || total
-------------------------+-------+-------+-------+-------++-------
Melee: Unarmed           |   113 |   154 |   273 |   146 ||   686
       Punch             |     1 |     4 |     9 |     4 ||    18
Throw: Stone             |       |       |    10 |     1 ||    11
  Use: Potion            |       |       |       |     6 ||     6
 Stab: Sleeping          |     1 |     1 |     1 |       ||     3
  Eat: Chunk             |    12 |    21 |    31 |    16 ||    80
Armor: Robe              |    62 |    60 |    95 |    58 ||   275
Dodge: Dodged            |    88 |    84 |   159 |    93 ||   424
